Sir Bob, lawful male dwarven Knight ----- |.... |..<| -------# |...-########### ....+|# |.[.| # ....|# |...| ### -...-# |.... ##### |....# -+-.- -|-+-- |!... |..+..%# | |....# |....|#% |.. --.--@a.+# +.....%#%#|.....=..rEr.# ------ #|*.......hA[|# #-------------# ############### Sir Bob the Esquire Experience level: 3 Strength: 10 Dexterity: 11 Constitution: 14 Intelligence: 7 Wisdom: 15 Charisma: 16 Health: 0(39) Energy: 14(14) Def: 9 Gold: 791 Moves: 2426 Dungeon seed: GVtw0TrSs7hJNBpA Game ID: Sir Bob_1591453636 Your Inventory: Coins $ - 791 gold pieces Weapons a - an uncursed +1 long sword (weapon in hand) b - an uncursed +1 lance (alternate weapon; not wielded) Armor e - an uncursed +1 ring mail (being worn) n - an uncursed +0 dwarvish iron helm (being worn) q - an uncursed +0 small shield (being worn) r - an uncursed +0 pair of leather gloves (being worn) y - an uncursed +0 cloak of displacement (being worn) Comestibles c - 10 uncursed apples d - 11 uncursed carrots h - an uncursed tripe ration j - 3 uncursed food rations D - 2 uncursed male lizard corpses Scrolls i - an uncursed scroll of identify l - an uncursed scroll of magic mapping m - 2 uncursed scrolls of teleportation t - a cursed scroll of food detection v - an uncursed scroll of enchant weapon B - a cursed scroll of blank paper Potions p - an uncursed potion of water w - an uncursed potion of gain energy C - an uncursed potion of acid E - an uncursed potion of full healing Wands k - an uncursed wand of secret door detection (0:10) s - an uncursed wand of teleportation (0:6) x - a blessed wand of digging (0:4) Tools f - an uncursed tin whistle A - an uncursed frost horn (0:2) Spells and supernatural/magical abilities: Name Level Category Cost Memory W - pray for help -- divine ? -- X - turn undead -- divine ? -- Your skills at the end: Fighting Skills riding [Basic] wands [Basic] Weapon Skills long sword [Basic] lance [Basic] Spellcasting Skills Final Attributes: You were piously aligned. You were hallucinating. You were telepathic. You had infravision. You were displaced. You could jump. You were lucky. Lugh was noncommittal. You are dead. Vanquished creatures: a tiger a leprechaun a black light 2 lizards an imp 4 Uruk-hai an orc shaman a rock piercer a rock mole a fog cloud a yellow light a paper golem 2 floating eyes 2 homunculi 2 rabid rats a wererat an iguana 10 killer bees 2 acid blobs a gnome zombie a gecko 4 jackals 2 kobolds 4 sewer rats a grid bug 3 bats 2 lichens a kobold zombie 3 newts and a partridge in a pear tree 58 creatures vanquished. Voluntary challenges: You were an atheist. You used a wielded weapon 67 times, starting on turn 223. You were illiterate. You never genocided any monsters. You never polymorphed an object. You never changed form. You used no wishes. You never split a pudding. You never wrote Elbereth's name. You never violated your personal moral code. Dungeon overview: The Dungeons of Doom: levels 1 to 9 Level 1 a vault a long staircase Level 2 a fountain Level 3 a vault Level 4 a fountain a long staircase Level 5 Level 6 a general store, a fountain Level 7 a vault Level 8 Level 9 <- You were here History has recorded: On T:1 you entered the Dungeons of Doom to retrieve the Amulet of Yendor! On T:313 you reached level 2 of The Dungeons of Doom. On T:454 you reached level 3 of The Dungeons of Doom. On T:641 you reached level 4 of The Dungeons of Doom. On T:838 you reached level 5 of The Dungeons of Doom. On T:1006 you advanced to experience level 2. On T:1109 you reached level 6 of The Dungeons of Doom. On T:1136 you reached level 7 of The Dungeons of Doom. On T:1660 you advanced to experience level 3. On T:1870 you advanced to experience level 4. On T:2038 you reached level 8 of The Dungeons of Doom. On T:2271 you reached level 9 of The Dungeons of Doom. Score breakdown: Gold: 791 ( 9860 points) Experience: 3 levels ( 7878 points) Exploration: 9 levels ( 19.15%) (12510 points) Discoveries: 5 items ( 1.99%) ( 4234 points) Valuables value: (no points given unless you survive) Artifact value: 0 ( 0 points) Variety of kills: 29 monsters ( 7.63%) ( 8287 points) Turncount: 2426 turns ( -286 points) Survival: died (score multiplied by 80%) Total score: 33986 Latest messages: [7 turns] You hear some noises in the distance. The imp is killed! The lemure casts a spell! The sleep ray hits you! The sleep ray bounces! The sleep ray hits you! The Y2K bug bites! The leather golem bites! The werewolf picks up a knife from the floor. The giant ant drops a female killer bee corpse. The small mimic hits the werejackal. The jester misses the ochre jelly. The Uruk-hai summons help! The wraith bites! The stone giant swings his long sword at you. The green dragon hits! Fare thee well level 4. The combat suddenly awakens you. The raven hits! You die... Your body rises from the dead as a wraith... Final status: Fare thee well Sir Bob the Knight, killed by a hallucinogen-distorted barrow wight... You died in The Dungeons of Doom on dungeon level 9 with 33986 points, and 791 pieces of gold, after 2426 moves. You were level 3 with a maximum of 39 hit points when you died.